 Dungeon Crawl Stone Soup version 0.29-a0-111-gbaf749a769 (webtiles) character file.

Game seed: 14052843944482959208

7788 ipx the Slicer (level 11, -8/57 HPs)
             Began as a Deep Elf Ice Elementalist on Feb 16, 2022.
             Was a Believer of Kikubaaqudgha.
             Hit by a large rock thrown by a cyclops (37 damage)
             ... on level 12 of the Dungeon on Feb 17, 2022.
             The game lasted 01:14:56 (4853 turns).

ipx the Slicer (Deep Elf Ice Elementalist)          Turns: 4853, Time: 01:14:56

Health: -8/57      AC:  5    Str:  5    XL:     11   Next: 1%
Magic:  6/25       EV: 16    Int: 25    God:    Kikubaaqudgha [**....]
Gold:   742        SH:  5    Dex: 15    Spells: 5/26 levels left

rFire   . . .      SeeInvis .   a - +3 dagger (drain)
rCold   . . .      Faith    +   L - +0 buckler
rNeg    + . .      Spirit   .   H - +0 robe {rPois}
rPois   +          Reflect  .   (no helmet)
rElec   .          Harm     .   (no cloak)
rCorr   .          Rampage  .   (no gloves)
Will    +....                   s - +2 pair of boots
Stlth   +++.......              Y - amulet of faith
HPRegen 0.19/turn               e - ring of positive energy
MPRegen 0.19/turn               S - +4 ring of slaying

@: no status effects
A: no striking features
a: Renounce Religion, Receive Corpses


You were on level 12 of the Dungeon.
You worshipped Kikubaaqudgha.
Kikubaaqudgha was pleased with you.
You visited 2 branches of the dungeon, and saw 13 of its levels.
You also visited: Ossuary.

You collected 938 gold pieces.
You spent 196 gold pieces at shops.

Inventory:

Hand Weapons
 a - a +3 dagger of draining (weapon)
 b - a +5 short sword
 x - the +3 long sword of the Asp {vorpal, rC++ MP+9}
   (You found it on level 5 of the Dungeon)

   It inflicts extra damage upon your enemies.
   rC:        It greatly protects you from cold.
   MP:        It affects your magic capacity (+9).
 B - a +3 scimitar
Missiles
 k - 46 poisoned darts (quivered)
 o - 6 datura-tipped darts
 y - 4 throwing nets
Armour
 s - a +2 pair of boots (worn)
 H - a +0 robe of poison resistance (worn)
 L - a +0 buckler (worn)
Jewellery
 e - a ring of positive energy (left hand)
 i - a ring of ice
 S - a +4 ring of slaying (right hand)
 Y - an amulet of faith (around neck)
Wands
 C - a wand of digging (6)
 M - a wand of iceblast (1)
Scrolls
 c - a scroll of enchant weapon
 g - a scroll of fear {unknown}
 l - 2 scrolls of teleportation
 n - 2 scrolls of immolation
 p - 4 scrolls of fog
 q - a scroll of torment
 r - 2 scrolls of brand weapon
 A - 2 scrolls of summoning
 E - 2 scrolls of amnesia
 F - a scroll of acquirement {unknown}
 G - 2 scrolls of magic mapping {unknown}
 J - 2 scrolls of vulnerability {unknown}
Potions
 d - 2 potions of might
 f - 4 potions of haste
 h - 8 potions of curing
 j - a potion of degeneration {unknown}
 m - 3 potions of mutation {unknown}
 t - a potion of heal wounds
 u - 2 potions of attraction {unknown}
 v - a potion of cancellation {unknown}
 w - 4 potions of resistance {unknown}
 z - 2 potions of ambrosia {unknown}
 D - 2 potions of flight {unknown}
 I - a potion of lignification
 K - a potion of berserk rage {unknown}


   Skills:
 - Level 2.0 Fighting
 + Level 9.6 Short Blades
 - Level 9.0 Dodging
 - Level 6.0 Stealth
 + Level 3.3 Shields
 - Level 8.2 Spellcasting
 - Level 6.1 Hexes
 + Level 5.2 Necromancy
 - Level 7.0 Ice Magic


You had 5 spell levels left.
You knew the following spells:

 Your Spells              Type           Power      Damage    Failure   Level
d - Animate Dead          Necr           18%        N/A       9%          4
o - Ozocubu's Armour      Ice            45%        N/A       1%          3
r - Frozen Ramparts       Ice            90%        1d11      1%          3
t - Confusing Touch       Hex            41%        N/A       1%          3
u - Sublimation of Blood  Necr           36%        N/A       1%          2
z - Freeze                Ice            100%       1d11      1%          1
R - Corpse Rot            Necr/Air       46%        N/A       4%          2
V - Vampiric Draining     Necr           36%        2d8       2%          3

Your spell library contained the following spells:

 Spells                   Type           Power      Damage    Failure   Level
 Animate Skeleton         Necr           72%        N/A       1%          1
 Shock                    Conj/Air       40%        1d5       8%          1
 Wereblood                Tmut           10%        N/A       12%         2
 Hailstorm                Conj/Ice       27%        3d7       19%         4
 Leda's Liquefaction      Hex/Erth       12%        N/A       22%         4
 Swiftness                Air            10%        N/A       24%         3
 Agony                    Necr           36%        N/A       26%         5
 Yara's Violent Unravell  Hex/Tmut       12%        3d7       52%         5
 Airstrike                Air            5%         N/A       61%         4
 Lee's Rapid Deconstruct  Erth           5%         3d7*      91%         5
 Enfeeble                 Hex            20%        N/A       99%         7
 Statue Form              Tmut/Erth      6%         N/A       100%        6
 Haunt                    Necr/Summ      11%        N/A       100%        7
 Summon Hydra             Summ           5%         N/A       100%        7
 Infestation              Necr           18%        N/A       100%        8


Dungeon Overview and Level Annotations

Branches:
Dungeon (12/15)            Temple (1/1) D:5             Orc (0/2) D:9
Ossuary (visited)
   Lair: D:8-11

Altars:
Cheibriados
Dithmenos
Fedhas
Hepliaklqana
Kikubaaqudgha
Nemelex Xobeh
Okawaru
Qazlal
Sif Muna
Vehumet
Wu Jian
Xom
Yredelemnul
Zin
The Shining One

Shops:
D:2 ?   D:10 *

Annotations:
D:7 3 runed translucent doors


Message History

You hit the tyrant leech but do no damage.
The tyrant leech appears confused.
The tyrant leech is moderately wounded.
You barely miss the tyrant leech.
The tyrant leech is moderately wounded.
The wall freezes the slime creature.
You hit the tyrant leech.
The tyrant leech is heavily wounded.
The wall freezes the tyrant leech!
The tyrant leech barely misses you.
You strike the helpless tyrant leech from behind!
You impale the tyrant leech!!
You kill the tyrant leech!
Kikubaaqudgha accepts your kill.
The tyrant leech's shape twists and changes as it dies.
The wall freezes the slime creature.
Two slime creatures merge to form a large slime creature.
You have reached level 11!
Your icy armour and frozen ramparts will break if you move.
Continue?
Your icy armour cracks and falls away as you move.
The frozen ramparts melt away as you move.
The orc throws a boomerang.
The boomerang closely misses you.
As you read the scroll of summoning, it crumbles to dust.
Wisps of shadow whirl around you... The cyclops hits your orc wizard!!
Your orc wizard dies!
Your orc wizard's corpse dissolves into shadows!
Your centaur hits the cyclops.
Your centaur kicks the cyclops.
Your orc wizard hits the cyclops but does no damage.
Your boulder beetle bites the cyclops.
Your vampire hits the cyclops.
Your vampire bites the cyclops but does no damage.
Your orc completely misses the large slime creature.
You swap places.
Your boulder beetle bites the large slime creature!!
Your vampire casts a spell.
Your vampire flickers and vanishes for a moment.
Your centaur hits the cyclops but does no damage.
Your centaur kicks the cyclops but does no damage.
The cyclops throws a large rock.
The large rock hits you!!!
Ouch! That really hurt!
You die...
Kikubaaqudgha rasps: "You have failed me!
Welcome... death!"

######[..##..#.#.#.#.#.
###.##..#.#.#
#.....#.#.# #
#####.#o#†#.# #
#.#.#J#.#.#.#
#..c.o......#
#.###VCJB.......
#...o.o.####.###
####.##.@# # ... ##.###
#.## #...# #. ...
###.#### #...# ###
#....## ..##... ####..#
......## ##.##.##...##
#.#.. #..... #.#.#
#.#.#.


You could see a large slime creature, a cyclops (ally target), an orc, a
friendly vampire (summoned, invisible), a friendly centaur (summoned), a
friendly orc wizard (summoned) and a friendly orc (summoned).

Vanquished Creatures
  3 two-headed ogres
  An ugly thing (D:12)
  A tyrant leech (shapeshifter) (D:12)
  A slime creature (D:12)
  9 yaks
  Duvessa (D:6)
  A water moccasin (D:4)
  6 orc warriors
  3 sky beasts
  2 ogres
  3 necrophages
  2 centaurs
  2 kobold brigands
  4 bullfrogs
  3 gnoll sergeants
  A scorpion (D:4)
  2 water moccasin skeletons
  Dowan (D:6)
  5 wights (D:7)
  3 howler monkeys
  2 centaur zombies
  A centaur skeleton (D:6)
  An orc priest (D:12)
  A bullfrog skeleton (D:6)
  A hound (D:7)
  2 scorpion zombies (D:5)
  A gnoll shaman (D:6)
  3 iguanas
  7 orc wizards
  A killer bee zombie (D:9)
  8 mummies (Ossuary)
  A howler monkey zombie (D:8)
  17 gnolls
  A howler monkey skeleton (D:6)
  12 adders
  A white imp (D:8)
  An adder skeleton (D:4)
  A dart slug (D:3)
  27 orcs
  7 ball pythons
  2 endoplasms (D:3)
  4 giant cockroaches
  4 goblins
  3 hobgoblins
  2 jackals (D:2)
  14 kobolds
  2 quokkas
  3 bats
  A frilled lizard (D:1)
  3 gnoll zombies (Ossuary)
  A hobgoblin zombie (Ossuary)
  A jackal skeleton (D:4)
  2 kobold zombies (Ossuary)
  2 orc zombies (Ossuary)
  3 rats
197 creatures vanquished.

Notes
Turn   | Place    | Note
-------+----------+-------------------------------------------
     0 | D:1      | ipx the Deep Elf Ice Elementalist began the quest for the
                  | Orb.
     0 | D:1      | Reached XP level 1. HP: 10/10 MP: 6/6
    90 | D:1      | Found a faded altar of an unknown god.
   143 | D:1      | Reached XP level 2. HP: 9/15 MP: 2/8
   169 | D:1      | Reached skill level 5 in Ice Magic
   316 | D:2      | Found Jiyf's Magic Scroll Boutique.
   328 | D:2      | Bought a scroll of identify for 28 gold pieces
   398 | D:2      | Reached XP level 3. HP: 12/19 MP: 3/9
   449 | D:2      | Learned a level 3 spell: Frozen Ramparts
   453 | D:2      | Learned a level 3 spell: Ozocubu's Armour
   490 | D:2      | Bought a scroll of noise for 14 gold pieces
   490 | D:2      | Bought a scroll of identify for 28 gold pieces
   579 | D:3      | Reached XP level 4. HP: 16/24 MP: 8/10
   764 | D:3      | Reached XP level 5. HP: 28/28 MP: 9/11
   781 | D:2      | Bought a scroll of teleportation for 42 gold pieces
   781 | D:2      | Bought a scroll of identify for 28 gold pieces
   803 | D:2      | Learned a level 3 spell: Confusing Touch
   832 | D:4      | Noticed an ogre
   838 | D:4      | Killed an ogre
   839 | D:4      | Reached skill level 1 in Hexes
   955 | D:4      | Noticed a water moccasin
   963 | D:4      | Killed a water moccasin
   964 | D:4      | Reached skill level 5 in Spellcasting
   964 | D:4      | Reached XP level 6. HP: 32/32 MP: 4/15
   983 | D:5      | Entered Level 5 of the Dungeon
  1120 | D:4      | Reached skill level 1 in Short Blades
  1340 | D:5      | Reached XP level 7. HP: 30/36 MP: 14/17
  1406 | D:5      | Found a sand-covered staircase.
  1410 | Ossuary  | Entered an ossuary
  1572 | Ossuary  | Reached skill level 5 in Hexes
  1858 | D:5      | Identified the +3 long sword of the Asp {vorpal, rC++ MP+9}
  1883 | D:5      | Learned a level 2 spell: Sublimation of Blood
  1899 | D:4      | Reached XP level 8. HP: 36/41 MP: 9/20
  2062 | D:6      | Noticed Duvessa
  2062 | D:6      | Noticed Dowan
  2077 | D:6      | Killed Dowan
  2089 | D:6      | Killed Duvessa
  2342 | D:6      | Found a shimmering altar of Xom.
  2342 | D:6      | Found a shimmering altar of Xom.
  2342 | D:6      | Found a shimmering altar of Xom.
  2347 | D:6      | Found a shimmering altar of Xom.
  2697 | D:7      | Found an ornate altar of the Wu Jian Council.
  2723 | D:7      | Found a basalt altar of Yredelemnul.
  2761 | D:7      | Found a shimmering blue altar of Sif Muna.
  2767 | D:7      | Upgraded the game from 0.29-a0-106-g0a07039d5a to
                  | 0.29-a0-111-gbaf749a769
  2832 | D:7      | Found a runed translucent gate.
  2834 | D:7      | Found a runed translucent gate.
  2834 | D:7      | Found a runed translucent gate.
  2893 | D:7      | Reached skill level 1 in Fighting
  2938 | D:7      | Reached skill level 5 in Short Blades
  2955 | D:7      | Reached XP level 9. HP: 48/48 MP: 15/23
  2957 | D:7      | Reached skill level 5 in Stealth
  3071 | D:7      | Reached skill level 5 in Dodging
  3227 | D:5      | Found a staircase to the Ecumenical Temple.
  3239 | Temple   | Entered the Ecumenical Temple
  3260 | Temple   | Became a worshipper of Kikubaaqudgha
  3294 | D:5      | Found a snail-covered altar of Cheibriados.
  3519 | D:9      | Noticed a two-headed ogre
  3536 | D:9      | Killed a two-headed ogre
  3589 | D:9      | Found a sparkling altar of Nemelex Xobeh.
  3621 | D:9      | Found a staircase to the Orcish Mines.
  3643 | D:9      | Reached XP level 10. HP: 32/53 MP: 10/24
  3668 | D:9      | Found a shadowy altar of Dithmenos.
  3681 | D:9      | Reached * piety under Kikubaaqudgha
  3681 | D:9      | Received a gift from Kikubaaqudgha
  3723 | D:9      | Learned a level 2 spell: Corpse Rot
  3727 | D:9      | Learned a level 3 spell: Vampiric Draining
  3732 | D:9      | Learned a level 4 spell: Animate Dead
  3842 | D:8      | Found an iron altar of Okawaru.
  4073 | D:8      | Reached skill level 1 in Necromancy
  4117 | D:10     | Entered Level 10 of the Dungeon
  4143 | D:10     | Reached ** piety under Kikubaaqudgha
  4152 | D:10     | Found Huammissu's Assorted Antiques.
  4330 | D:10     | Found Ufreoffi's Serpentskin Sales.
  4336 | D:10     | Bought a +0 robe of poison resistance for 56 gold pieces
  4398 | D:11     | Noticed a cyan ugly thing
  4519 | D:11     | Noticed a two-headed ogre
  4519 | D:11     | Noticed a two-headed ogre
  4541 | D:11     | Killed a two-headed ogre
  4542 | D:11     | Reached skill level 1 in Shields
  4568 | D:11     | Noticed an ogre mage
  4569 | D:11     | Paralysed by an ogre mage for 5 turns
  4571 | D:11     | Noticed a two-headed ogre
  4574 | D:11     | Noticed a two-headed ogre
  4675 | D:11     | Noticed a boulder beetle
  4731 | D:12     | Noticed a two-headed ogre
  4747 | D:12     | Killed a two-headed ogre
  4753 | D:12     | Noticed a red ugly thing
  4777 | D:12     | Noticed a purple ugly thing
  4801 | D:12     | Noticed a cyclops
  4801 | D:12     | Noticed an eight-headed hydra
  4815 | D:12     | Noticed a broodmother
  4818 | D:12     | Killed a purple ugly thing
  4819 | D:12     | Reached skill level 5 in Necromancy
  4849 | D:12     | Reached XP level 11. HP: 28/57 MP: 5/25
  4853 | D:12     | Hit by a large rock thrown by a cyclops

Illustrated notes

Levels and vault maps discovered:
D:1:      wheals_arrival_shading, layout_loops_ring,
          ebering_ecumenical_altar_petrified
D:2:      layout_rooms, serial_shops, shop_fountains
D:3:      layout_rooms, minmay_unequal
D:4:      layout_loops_corners, serial_glass, glass_columns_a, glass_columns_a,
          grunt_tough_drop
D:5:      layout_cave_pools, mainiacjoe_overflow_surrounded_room,
          minmay_temple_entry_glassed_door, enter_ossuary_5
D:6:      layout_basic, xom_redecorated, uniq_maggie, uniq_duvessa
D:7:      layout_basic, mainiacjoe_overflow_small_starburst,
          mainiacjoe_overflow_catch_the_wave, gammafunk_ghost_cemetery,
          hangedman_abyss_or_decor_lesser_grid
D:8:      layout_gridville, okawaru_humans
D:9:      layout_rooms, nicolae_dithmenos_the_darkroom,
          nemelex_spade_bored_becter, orc_0_dummy, serial_glass,
          glass_columns_b, glass_columns_a, due_unseen_surprise
D:10:     layout_loops_ring, serial_shops, shop, guppyfry_shop_venom
D:11:     layout_long_grid, dpeg_lair_monsters
D:12:     layout_rooms, minmay_misc_feat_rows, uniq_frances, uniq_jorgrun
Temple:   eino_temple_water

Skill      XL: |  1  2  3  4  5  6  7  8  9 10 |
---------------+-------------------------------+-----
Ice Magic      | 5 6 7 |  7.0
Spellcasting   | 5 7 8 |  8.2
Hexes          | 3 4 5 6 |  6.1
Short Blades   | 1 3 5 8 9 |  9.6
Stealth        | 4 6 |  6.0
Dodging        | 4 8 9 |  9.0
Fighting       | 2 |  2.0
Necromancy     | 5 |  5.2
Shields        | 3 |  3.3

Action                   |  1- 3 |  4- 6 |  7- 9 | 10-12 || total
-------------------------+-------+-------+-------+-------++-------
Melee: Dagger            |    16 |    41 |   171 |   102 ||   330
       Punch             |       |     1 |     4 |     1 ||     6
Throw: Dart              |       |     6 |    19 |    18 ||    43
 Cast: Freeze            |    44 |    15 |    28 |       ||    87
       Ozocubu's Armour  |     1 |     5 |    29 |    14 ||    49
       Frozen Ramparts   |       |    12 |    20 |    11 ||    43
       Confusing Touch   |       |     1 |    15 |    10 ||    26
       Animate Dead      |       |       |       |     1 ||     1
Evoke: Wand              |       |     1 |     8 |     5 ||    14
  Use: Scroll            |     3 |       |     8 |     6 ||    17
       Potion            |     1 |       |       |     1 ||     2
 Stab: Sleeping          |       |     1 |     6 |     6 ||    13
       Confused          |       |     1 |    12 |     8 ||    21
Armor: Robe              |    12 |    16 |    40 |    20 ||    88
Dodge: Dodged            |    30 |    12 |    64 |    58 ||   164
Block: Buckler           |       |       |       |     3 ||     3

Table legend: (Time is in decaauts)
 A = Elapsed time spent in this place.
 B = Non-inter-level travel time spent in this place.
 C = Inter-level travel time spent in this place.
 D = Time resting spent in this place.
 E = Time spent auto-exploring this place.
 F = Levels seen in this place.
 G = Mean time per level.
                   A        B        C        D        E       F      G
               +--------+--------+--------+--------+--------+-----+--------+
         Total |   4804 |   4603 |    201 |      0 |      0 |  14 |  343.1 |
       Dungeon |   4436 |   4248 |    188 |      0 |      0 |  12 |  369.7 |
        Temple |     35 |     22 |     13 |      0 |      0 |   1 |   35.0 |
       Ossuary |    332 |    332 |      0 |      0 |      0 |   1 |  332.0 |
               +--------+--------+--------+--------+--------+-----+--------+

Top non-repeatable levels by time:
     D:6: 648 daAuts
     D:7: 511 daAuts
     D:4: 509 daAuts
     D:5: 481 daAuts
     D:8: 403 daAuts
 Ossuary: 332 daAuts
     D:9: 328 daAuts
    D:10: 298 daAuts
     D:1: 291 daAuts
     D:3: 291 daAuts
     D:2: 259 daAuts
    D:11: 227 daAuts
    D:12: 184 daAuts
  Temple: 35 daAuts
